 Dungeon Crawl Stone Soup version 0.31.0-1-g2c135a008e (webtiles) character file.

Game seed: 10796509246650211603

320 qw the Shooter (level 6, -1/46 HPs)
             Began as a Djinni Hunter on Jan 24, 2024.
             Slain by a gnoll
             ... wielding a +0 club
              (6 damage)
             ... on level 3 of the Dungeon.
             The game lasted 00:00:07 (1934 turns).

qw the Shooter (Djinni Hunter)                      Turns: 1934, Time: 00:00:08

Health: -1/46      AC:  5    Str: 10    XL:     6   Next: 75%
Gold:   123        EV: 13    Int: 10    God:
                   SH:  0    Dex: 19

rFire   + . .        a - +1 shortbow
rCold   . . .        (shield currently unavailable)
rNeg    . . .        c - +0 leather armour
rPois   inf          (no helmet)
rElec   .            d - +1 cloak
rCorr   +            (no gloves)
SInv    .            (boots unavailable)
Will    .....        (no amulet)
Stlth   ++           i - ring of resist corrosion
HPRegen 0.27/turn    k - ring of ice
MPRegen 0.00/turn

%: infuse magic (-2 HP)
@: flying
A: sickness immunity, fire resistance 2, cold vulnerability 1, float, innate
caster, HP casting, extra vitality 1
a: no special abilities


You were on level 3 of the Dungeon.
You visited 1 branch of the dungeon, and saw 3 of its levels.

You collected 123 gold pieces.


Innate Abilities, Weirdness & Mutations

You are immune to sickness and miasma.
You are immune to poison.
Your flesh is very heat resistant. (rF++)
You are vulnerable to cold. (rC-)
You float through the air rather than walking.
You learn spells naturally, not from books.
Your magical power is your life essence.
You have superior vitality. (+4 MHP)


   Skills:
 - Level 3.1 Fighting
 - Level 5.7 Ranged Weapons
 + Level 0.0 Armour
 - Level 3.0 Dodging
 - Level 0.7 Stealth


You knew the following spells:

 Your Spells              Type           Power      Damage    Failure   Level
a - Magic Dart            Conj           0%         1d3       45%         1
b - Momentum Strike       Conj/Tloc      0%         3d8       61%         2
Your spell library was empty.

Inventory:

Hand Weapons
 a - a +1 shortbow (weapon)
Armour
 c - a +0 leather armour (worn)
 d - a +1 cloak (worn)
Jewellery
 i - a ring of resist corrosion (left hand)
 k - a ring of ice (right hand)
Scrolls
 b - a scroll of teleportation {unknown}
 e - a scroll of identify
Potions
 f - a potion of might
 j - 2 potions of mutation
 l - a potion of heal wounds {unknown}

Dungeon Overview and Level Annotations

Branches:
Dungeon (3/15)

Altars:
Elyvilon
Xom


Message History

Grinder hits you.
You writhe in agony.
You shoot an arrow. The arrow hits Grinder!
You kill Grinder!
Your Ranged Weapons skill increases to level 5!
You have reached level 6!
You start resting.
HP restored.
There is an open door here.
You reach down and open the door.
An orc and 2 gnolls come into view.
The orc shouts!
The gnoll shouts! x2
A goblin comes into view. It is wielding a +0 club.
You hear a shout!
The goblin shouts!
You shoot an arrow. The arrow barely misses the gnoll.
The arrow hits the gnoll but does no damage.
A gnoll comes into view. It is wielding a +0 halberd.
The gnoll closely misses you.
You shoot an arrow. The arrow hits the gnoll.
The gnoll is lightly wounded.
A dart slug comes into view.
You shoot an arrow. The arrow barely misses the gnoll.
The gnoll hits you with a +0 club.
You shoot an arrow. The arrow closely misses the gnoll.
The gnoll hits you from afar with a +0 halberd.
The gnoll hits you with a +0 club! The gnoll completely misses you.
You shoot an arrow. The arrow barely misses the gnoll.
The gnoll barely misses you. x2; The gnoll hits you with a +0 flail.
The gnoll hits you with a +0 club. The gnoll closely misses you.
The gnoll hits you with a +0 flail.
You shoot an arrow. The arrow hits the gnoll.
The gnoll is heavily wounded.
The gnoll barely misses you. The gnoll hits you with a +0 club.
The gnoll hits you with a +0 flail!
You shoot an arrow. The arrow barely misses the gnoll.
The gnoll closely misses you. The gnoll misses you.
The gnoll hits you with a +0 flail.
You shoot an arrow. The arrow hits the gnoll.
The gnoll is almost dead.
The gnoll closely misses you. The gnoll hits you with a +0 club.
You die...

#.#
##.##.###.#.##.#.##.#.#
### #.##...##.#.##
##.#.##
#.########.#.###.#.##>
##'## ##.#.#.#.##
##...## ##.#.#.##
##.....## ##.#.##
#.......## ##%##
#........g####...###
##.## +........@'ggw...
..... #........g##o....
### ##.......## #..
##.....## ##...## ##+#


You could see 3 gnolls, a dart slug, an orc and a goblin.

Vanquished Creatures
  Grinder (D:3)
  4 adders
  7 dart slugs
  5 ribbon worms
  An orc (D:3)
  3 endoplasms
  2 giant cockroaches
  12 goblins
  4 hobgoblins
  7 ball pythons
  2 bats (D:1)
  4 frilled lizards
  7 kobolds
  4 rats
63 creatures vanquished.

Notes
Turn   | Place    | Note
-------+----------+-------------------------------------------
     0 | D:1      | qw the Djinni Hunter began the quest for the Orb.
     0 | D:1      | Reached XP level 1. HP: 18/18 MP: 0/0
     0 | D:1      | 0 ||| qw: Version: 0.3-a-136-gdd3b4e8
     0 | D:1      | 0 ||| qw: Game counter: 1272
     0 | D:1      | 0 ||| qw: Melee chars always use a shield: true
     0 | D:1      | 0 ||| qw: God list: Okawaru
     0 | D:1      | 0 ||| qw: Allow faded altars: false
     0 | D:1      | 0 ||| qw: Do Orc after clearing Dungeon:15 true
     0 | D:1      | 0 ||| qw: Do second Lair branch before Depths: true
     0 | D:1      | 0 ||| qw: Lair rune preference: random
     0 | D:1      | 0 ||| qw: Goals: Normal
     0 | D:1      | 0 ||| PLANNING D:1-11
   113 | D:1      | Reached XP level 2. HP: 22/23 MP: 0/0
   330 | D:1      | Reached skill level 4 in Ranged Weapons
   330 | D:1      | Reached XP level 3. HP: 28/28 MP: 0/0
   330 | D:1      | Learned a level 1 spell: Magic Dart
   728 | D:1      | 728 ||| UPGRADING to +0 cloak.
   733 | D:1      | 733 ||| UPGRADING to ring of resist corrosion.
   734 | D:1      | 734 ||| UPGRADING to ring of ice.
   735 | D:1      | 735 ||| READING scroll labelled CEMAOCONWU.
   736 | D:1      | 736 ||| READING 3 scrolls labelled JONTUTSI YPAS.
   737 | D:1      | 737 ||| DRINKING 2 inky potions.
   738 | D:1      | 738 ||| DROPPING scroll of butterflies.
   739 | D:1      | 739 ||| DROPPING potion of brilliance.
   740 | D:1      | 740 ||| DROPPING 2 scrolls of revelation.
   815 | D:2      | Reached skill level 3 in Fighting
   815 | D:2      | Reached XP level 4. HP: 35/35 MP: 0/0
  1056 | D:2      | 1056 ||| FLEEEEING.
  1111 | D:2      | Reached skill level 3 in Dodging
  1309 | D:2      | Found a faded altar of an unknown god.
  1346 | D:2      | Found a shimmering altar of Xom.
  1448 | D:2      | 1448 ||| READING scroll labelled VEJUBISKECK.
  1448 | D:2      | 1448 ||| ENCHANTING +0 cloak.
  1449 | D:2      | 1449 ||| READING 2 scrolls labelled BITYJU NITAPEGH.
  1449 | D:2      | 1449 ||| IDENTIFYING clear potion
  1450 | D:2      | 1450 ||| READING scroll of identify.
  1450 | D:2      | 1450 ||| IDENTIFYING brown potion
  1451 | D:2      | 1451 ||| READING scroll labelled JEDOGA QOCUSM.
  1452 | D:2      | 1452 ||| READING scroll labelled GOFUC JITRYTZ.
  1452 | D:2      | 1452 ||| ENCHANTING +0 shortbow.
  1453 | D:2      | 1453 ||| DRINKING 2 grey potions.
  1454 | D:2      | 1454 ||| DROPPING potion of ambrosia.
  1493 | D:3      | Found a white marble altar of Elyvilon.
  1545 | D:3      | Reached XP level 5. HP: 40/40 MP: 0/0
  1545 | D:3      | Learned a level 2 spell: Momentum Strike
  1816 | D:3      | Noticed Grinder
  1817 | D:3      | Paralysed by Grinder for 3 turns
  1830 | D:3      | Paralysed by Grinder for 2 turns
  1834 | D:3      | Killed Grinder
  1835 | D:3      | Reached skill level 5 in Ranged Weapons
  1835 | D:3      | Reached XP level 6. HP: 23/46 MP: 0/0
  1932 | D:3      | HP: 9/46 [gnoll/+0 flail (11)]
  1934 | D:3      | Slain by a gnoll

Levels and vault maps discovered:
D:1:      dpeg_arrival_radiant, layout_loops_ring, serial_bayou_pond_b
D:2:      minmay_angry_zag, layout_loops_cross, basic_altar,
          ebering_ecumenical_altar_abandoned
D:3:      minmay_inner_zag, layout_loops_corners, amcnicky_altar_gilded,
          kennysheep_orc_chapel, uniq_grinder

Skill      XL: |  1  2  3  4  5 |
---------------+----------------+-----
Ranged Weapons | 4 5 |  5.7
Fighting       | 3 |  3.1
Dodging        | 3 |  3.0
Stealth        | |  0.7

Action                     |  1- 3 |  4- 6 || total
---------------------------+-------+-------++-------
   Fire: Shortbow          |    80 |   127 ||   207
    Use: Scroll            |     2 |     5 ||     7
         Potion            |     1 |     1 ||     2
 Armour: Leather armour    |    11 |    33 ||    44
  Dodge: Dodged            |    28 |    35 ||    63

Table legend:
 A = Non-vault XP
 B = Vault XP
 C = Vault XP percentage of total XP
 D = Non-vault monster count
 E = Vault monster count
 F = Vault count percentage of total count
                 A         B        C        D         E       F
            +---------+---------+-------+---------+---------+-------
      Total |     145 |     313 |  68.3 |      48 |      15 |  23.8
            +---------+---------+-------+---------+---------+-------
        D:1 |      42 |       6 |  12.5 |      21 |       2 |   8.7
        D:2 |      75 |      13 |  14.8 |      19 |       7 |  26.9
        D:3 |      28 |     294 |  91.3 |       8 |       6 |  42.9
            +---------+---------+-------+---------+---------+-------
